cohdb
Replays
Latest Replays
All Replays
Popular Replays
Top Player Replays
Match Explorer
How It Works
Community
CoH3 Stats
Reddit
Sign in to upload your games and track your stats! →
Sign in with Steam
Match 45494087
Unlisted
Match 45494087
Overview
Messages
Build Orders
End
Royal Engineer Section
Construct Section Command Post
Infantry Section
Selects Canadian Shock Battlegroup
Infantry Section
Infantry Section
Selects Attacking Spirit
Construct Platoon Command Post
Infantry Section
Grenade Package
Construct Field Infirmary
Construct Platoon Command Post
Humber Armored Car
Makros
Data Collection Intern
0
0
Comments
sign in to comment!
No comments posted yet!